 Dungeon Crawl Stone Soup version 0.31.0-11-ge490571c62 (webtiles) character file.

Game seed: 833598127488182116

38 qw the Shooter (level 3, 0/20 HPs)
             Began as a Deep Elf Hunter on Feb 3, 2024.
             Succumbed to an adder's poison
             ... on level 2 of the Dungeon.
             The game lasted 00:00:13 (673 turns).

qw the Shooter (Deep Elf Hunter)                     Turns: 673, Time: 00:00:13

Health: 0/20       AC:  7    Str: 10    XL:     3   Next: 25%
Magic:  5/5        EV: 11    Int: 13    God:
Gold:   12         SH:  0    Dex: 18    Spells: 2/2 levels left

rFire   . . .        a - +0 shortbow
rCold   . . .        (shield currently unavailable)
rNeg    . . .        f - +0 ring mail
rPois   .            e - +1 helmet
rElec   .            (no cloak)
rCorr   .            (no gloves)
SInv    .            (no boots)
Will    .....        (no amulet)
Stlth   +            (no ring)
HPRegen 0.23/turn    (no ring)
MPRegen 0.09/turn

%: no passive effects
@: lethally poisoned (0 -> -7), about to teleport
A: no striking features
a: no special abilities


You were on level 2 of the Dungeon.
You visited 1 branch of the dungeon, and saw 2 of its levels.

You collected 12 gold pieces.


   Skills:
 - Level 1.5 Fighting
 + Level 6.8 Ranged Weapons
 - Level 2.4 Dodging
 - Level 1.2 Stealth


You had 2 spell levels left.
You didn't know any spells.
Your spell library was empty.

Inventory:

Hand Weapons
 a - a +0 shortbow (weapon)
Armour
 e - a +1 helmet (worn)
 f - a +0 ring mail (worn)
Scrolls
 b - a scroll of identify
 c - a scroll of immolation {unknown}
Potions
 j - a potion of curing

Dungeon Overview and Level Annotations

Branches:
Dungeon (2/15)

Altars:

Shops:
D:1 [   D:2 *


Message History

The arrow hits the ball python but does no damage.
The ball python is moderately wounded.
The ball python bites you but does no damage.
The ball python closely misses you.
You shoot an arrow. The arrow hits the ball python.
The ball python is severely wounded.
You shoot an arrow. The arrow hits the endoplasm.
You kill the endoplasm!
The adder bites you.
You are poisoned.
The adder poisons you! The adder bites you but does no damage.
You shoot an arrow. The arrow hits the ball python.
You kill the ball python!
You feel sick. The adder bites you.
You are more poisoned.
The adder poisons you!
You shoot an arrow. The arrow misses the adder.
You feel sick. The adder closely misses you. x2
You shoot an arrow. The arrow misses the adder.
You feel sick. The adder bites you.
You are more poisoned.
The adder poisons you!
You shoot an arrow. The arrow hits the adder.
The adder is lightly wounded.
You feel sick. The adder completely misses you. The adder bites you.
You shoot an arrow.
The arrow hits the adder but does no damage.
The adder is lightly wounded.
You feel sick.
The adder bites you but does no damage. x2
You shoot an arrow. The arrow misses the adder.
You feel sick. The adder bites you.
You are lethally poisoned!
The adder poisons you!
672 ||| READING scroll of teleportation.
As you read the scroll of teleportation, it crumbles to dust.
You feel strangely unstable.
You feel sick. The adder bites you. The adder barely misses you.
You shoot an arrow. The arrow hits the adder.
The adder is heavily wounded.
You die...

.# .# .[# ..# #..#
##..# #####@S.# #
#######.....#......
##.......#####
..... ###..#######
.... ###...## .$.
#...### .. #.### .
..# ###


You could see an adder.

Vanquished Creatures
  A gnoll (D:1)
  A dart slug (D:1)
  5 ball pythons
  3 endoplasms
  3 goblins
  2 hobgoblins
  A quokka (D:1)
  4 bats
  2 frilled lizards (D:1)
  2 kobolds (D:1)
24 creatures vanquished.

Notes
Turn   | Place    | Note
-------+----------+-------------------------------------------
     0 | D:1      | qw the Deep Elf Hunter began the quest for the Orb.
     0 | D:1      | Reached XP level 1. HP: 12/12 MP: 3/3
     0 | D:1      | 0 ||| qw: Version: 0.3-a-155-g5e7d8dd
     0 | D:1      | 0 ||| qw: Game counter: 3385
     0 | D:1      | 0 ||| qw: Melee chars always use a shield: true
     0 | D:1      | 0 ||| qw: God list: Okawaru
     0 | D:1      | 0 ||| qw: Allow faded altars: false
     0 | D:1      | 0 ||| qw: Do Orc after clearing Dungeon:15 true
     0 | D:1      | 0 ||| qw: Do second Lair branch before Depths: true
     0 | D:1      | 0 ||| qw: Lair rune preference: random
     0 | D:1      | 0 ||| qw: Goals: Normal
     0 | D:1      | 0 ||| PLANNING D:1-11
    98 | D:1      | Reached XP level 2. HP: 13/16 MP: 4/4
   122 | D:1      | Reached skill level 6 in Ranged Weapons
   194 | D:1      | Found Apiuv's Antique Armour Emporium.
   213 | D:1      | 213 ||| SHOPLISTING cloak (103 gold, have 12).
   213 | D:1      | 213 ||| SHOPLISTING pair of boots (103 gold, have 12).
   213 | D:1      | 213 ||| SHOPLISTING runed ring mail (161 gold, have 12).
   213 | D:1      | 213 ||| SHOPLISTING runed robe (85 gold, have 12).
   267 | D:1      | Reached XP level 3. HP: 16/20 MP: 5/5
   459 | D:1      | 459 ||| UPGRADING to +1 helmet.
   464 | D:1      | 464 ||| UPGRADING to +0 ring mail.
   474 | D:1      | 474 ||| DROPPING +0 leather armour.
   475 | D:1      | 475 ||| READING scroll labelled NEENOE TIEPRE.
   576 | D:1      | 576 ||| READING 2 scrolls labelled SOCINY AMPYRISEGG.
   576 | D:1      | 576 ||| IDENTIFYING blue potion
   577 | D:1      | 577 ||| READING scroll of identify.
   577 | D:1      | 577 ||| IDENTIFYING scroll labelled TYAKHUUNAPS
   578 | D:1      | 578 ||| READING scroll labelled ROIF TELUCVO.
   579 | D:1      | 579 ||| DROPPING scroll of butterflies.
   604 | D:2      | Found Geppor's General Store.
   613 | D:2      | 613 ||| SHOPLISTING +1 helmet of see invisible (165 gold,
                  | have 12).
   613 | D:2      | 613 ||| SHOPLISTING potion of haste (100 gold, have 12).
   613 | D:2      | 613 ||| SHOPLISTING scroll of teleportation (30 gold, have
                  | 12).
   671 | D:2      | HP: 5/20 [poisoned by an adder]
   672 | D:2      | 672 ||| READING scroll of teleportation.
   672 | D:2      | HP: 2/20 [adder (1)]
   673 | D:2      | Succumbed to an adder's poison

Levels and vault maps discovered:
D:1:      heliophobic_arrival_henge, layout_rooms, serial_shops, shop,
          nrook_mini_vaults, nrook_campfire
D:2:      layout_rooms, basic_altar, serial_shops, shop, shop

Skill      XL: |  1  2 |
---------------+-------+-----
Ranged Weapons | 6 |  6.8
Fighting       | |  1.5
Dodging        | |  2.4
Stealth        | |  1.2

Action                     || total
---------------------------++-------
   Fire: Shortbow          ||    64
    Use: Scroll            ||     5
 Armour: Leather armour    ||     8
         Ring mail         ||    10
  Dodge: Dodged            ||    13

Table legend:
 A = Non-vault XP
 B = Vault XP
 C = Vault XP percentage of total XP
 D = Non-vault monster count
 E = Vault monster count
 F = Vault count percentage of total count
                 A         B        C        D         E       F
            +---------+---------+-------+---------+---------+-------
      Total |      55 |       0 |   0.0 |      24 |       0 |   0.0
            +---------+---------+-------+---------+---------+-------
        D:1 |      42 |       0 |   0.0 |      17 |       0 |   0.0
        D:2 |      13 |       0 |   0.0 |       7 |       0 |   0.0
            +---------+---------+-------+---------+---------+-------
